 Dungeon Crawl Stone Soup version 0.30.1-4-g462c640d31 (webtiles) character file.

Game seed: 4254249290343192708

18 Kranky the Slasher (level 2, 0/24 HPs)
             Began as a Formicid Wanderer on Sept 8, 2023.
             Slain by an adder (1 damage)
             ... on level 2 of the Dungeon.
             The game lasted 00:00:50 (451 turns).

Kranky the Slasher (Formicid Wanderer)               Turns: 451, Time: 00:00:51

Health: 0/24       AC:  4    Str: 18    XL:     2   Next: 90%
Magic:  2/2        EV: 11    Int:  8    God:
Gold:   32         SH:  0    Dex: 14    Spells: 1/1 levels left

rFire   . . .        a - +3 falchion
rCold   . . .        (no shield)
rNeg    . . .        e - +0 leather armour
rPois   .            (helmet unavailable)
rElec   .            (no cloak)
rCorr   .            f - +0 pair of gloves
SInv    +            (no boots)
Will    .....        (no amulet)
Stlth   +            (no ring)
HPRegen 0.24/turn    (no ring)
MPRegen 0.08/turn

%: no passive effects
@: lethally poisoned (0 -> -6)
A: permanent stasis, dig shafts and tunnels, antennae 3, four strong arms
a: Dig, Shaft Self


You were on level 2 of the Dungeon.
You visited 1 branch of the dungeon, and saw 2 of its levels.

You collected 32 gold pieces.

Inventory:

Hand Weapons
 a - a +3 falchion (weapon)
 c - a +0 dagger
Missiles
 b - 12 poisoned darts (quivered)
Armour
 e - a +0 leather armour (worn)
 f - a +0 pair of gloves (worn)
Scrolls
 h - 2 scrolls of fear {unknown}
 i - a scroll of identify {unknown}
Potions
 d - a potion of invisibility
 g - a potion of haste {unknown}


   Skills:
 + Level 3.5 Fighting
 + Level 5.1 Long Blades
 + Level 1.4 Throwing
 + Level 1.6 Armour


You had one spell level left.
You didn't know any spells.
Your spell library was empty.

Dungeon Overview and Level Annotations

Branches:
Dungeon (2/15)

Altars:


Innate Abilities, Weirdness & Mutations

You cannot be hasted, slowed, berserked, paralysed or teleported.
You can dig through walls and to a lower floor.
You have a pair of large antennae on your head. (SInv)
Your four strong arms can wield two-handed weapons with a shield.


Message History

The ball python grabs you. The ball python constricts you.
You hit the ball python.
You kill the ball python!
No target in view!
No target in view!
No target in view!
No target in view!
You now have 32 gold pieces (gained 4).
You sense a monster nearby.
You sense a monster nearby.
An adder comes into view.
Found a stone and 5 gold pieces.
The adder hisses angrily.
An adder is nearby!
A rat and a goblin come into view.
You closely miss the adder.
The goblin shouts!
The adder bites you.
You are poisoned.
The adder poisons you!
You hear an angry hiss.
You hear a shout!
You feel sick. The adder attacks as you move away! The adder bites you.
You feel sick. The adder bites you.
You are more poisoned.
The adder poisons you!
You feel sick.
You closely miss the adder.
You feel sick. The adder bites you.
You are too injured to fight recklessly!
You are too injured to fight recklessly!
You are too injured to fight recklessly!
You miss the adder.
You feel sick. The adder bites you.
* * * LOW HITPOINT WARNING * * *
You are lethally poisoned!
The adder poisons you! The adder bites you.
* * * LOW HITPOINT WARNING * * *
You closely miss the adder.
* * * LOW HITPOINT WARNING * * *
You feel sick. The adder bites you.
You die...

#.#
##^..
#.#
##.#
#.# #.#
#.# #.#
#####.#
#.....#
{
#.#####
#.# #@#
# #S#
#.##g#
#(..r#
#.r###
.....
##....
#....
#....


You could see an adder, a goblin and a rat.

Vanquished Creatures
  A dart slug (D:1)
  2 ball pythons
  2 endoplasms (D:1)
  2 hobgoblins (D:1)
  A quokka (D:1)
  3 bats (D:1)
  2 kobolds (D:1)
  2 rats (D:1)
15 creatures vanquished.

Notes
Turn   | Place    | Note
-------+----------+-------------------------------------------
     0 | D:1      | Kranky the Formicid Wanderer began the quest for the Orb.
     0 | D:1      | Kranky set off with the following items: a +3 falchion, 12
                  | poisoned darts, a +0 dagger, a potion of invisibility, a +0
                  | leather armour.
     0 | D:1      | Reached XP level 1. HP: 18/18 MP: 1/1
   111 | D:1      | Reached XP level 2. HP: 19/24 MP: 2/2
   395 | D:1      | You fall into a shaft and drop 1 floor!
   451 | D:2      | HP: 1/24 [poisoned by an adder]
   451 | D:2      | Slain by an adder

Illustrated notes

Levels and vault maps discovered:
D:1:      dpeg_arrival_prison, layout_basic,
          shapermc_ecumenical_altar_hornbeckon
D:2:      layout_loops_ring, grunt_ministairs_1, corexii_leaking_fountain,
          minmay_3d_cube, uniq_terence

Action                     || total
---------------------------++-------
  Melee: Falchion          ||    43
 Armour: Leather armour    ||    12
  Dodge: Dodged            ||    24
